 Dungeon Crawl Stone Soup version 0.21.1-1-g345015f (webtiles) character file.

45 nightchill the Chiller (level 3, -3/24 HPs)
             Began as a Merfolk Ice Elementalist on Feb 19, 2018.
             Slain by a goblin
             ... wielding a +1 dagger of venom
              (5 damage)
             ... on level 2 of the Dungeon on Feb 20, 2018.
             The game lasted 00:07:11 (1826 turns).

nightchill the Chiller (Merfolk Ice Elementalist)   Turns: 1826, Time: 00:07:12

Health: -3/24      AC:  2    Str:  9    XL:     3   Next: 64%
Magic:  6/6        EV: 13    Int: 14    God:
Gold:   8          SH:  0    Dex: 14    Spells: 5/6 levels left

rFire    . . .     SeeInvis .   i - +0 spear
rCold    . . .     Gourm    .   (no shield)
rNeg     . . .     Faith    .   a - +0 robe
rPois    .         Spirit   .   (no helmet)
rElec    .         Reflect  .   (no cloak)
rCorr    .         Harm     .   (no gloves)
MR       .....                  (no boots)
Stlth    ++........             (no amulet)
HPRegen  0.08/turn              (no ring)
MPRegen  0.10/turn              (no ring)

@: lethally poisoned (-3 -> -31)
A: change form in water, swift swim, stealthy swim
a: no special abilities


You were on level 2 of the Dungeon.
You were hungry.

You visited 1 branch of the dungeon, and saw 2 of its levels.

You collected 8 gold pieces.

Inventory:

Hand Weapons
 e - a +0 club
 i - a +0 spear (weapon)
Missiles
 d - 20 sling bullets
 j - 4 stones (quivered)
Armour
 a - a +0 robe (worn)
Scrolls
 f - 2 scrolls of teleportation {unknown}
 h - a scroll of remove curse {unknown}
 l - a scroll of fear {unknown}
 n - 2 scrolls of noise {unknown}
 o - 3 scrolls of blinking {unknown}
 p - a scroll of amnesia {unknown}
Potions
 g - a potion of heal wounds {unknown}
 k - a potion of invisibility {unknown}
 q - a potion of ambrosia {unknown}
 r - a potion of might {unknown}
Books
 b - a book of Frost

   Spells                             Type                      Level
   a - Freeze                         Ice                          1
   b - Throw Frost                    Conjuration/Ice              2
   c - Ozocubu's Armour               Charms/Ice                   3
   d - Throw Icicle                   Conjuration/Ice              4
   e - Summon Ice Beast               Ice/Summoning                4
Comestibles
 c - a ration


   Skills:
 + Level 1.6 Polearms
 - Level 2.6 Dodging
 - Level 2.1 Stealth
 - Level 2.0 Spellcasting
   Level 0.7 Conjurations
 + Level 4.7 Ice Magic


You had 5 spell levels left.
You knew the following spells:

 Your Spells              Type           Power        Failure   Level  Hunger
a - Freeze                Ice            ##..         3%          1    ##.....


Dungeon Overview and Level Annotations

Branches:
Dungeon (2/15)

Altars:


Message History

You barely miss the goblin.
The goblin is severely wounded.
You feel sick. The goblin hits you but does no damage.
You are more poisoned.
You barely miss the goblin.
The goblin is severely wounded.
You feel sick.
The goblin hits you with a dagger of venom.
* * * LOW HITPOINT WARNING * * *
You are more poisoned.
You closely miss the goblin.
The goblin is heavily wounded.
* * * LOW HITPOINT WARNING * * *
You feel sick. The goblin closely misses you.
You barely miss the goblin.
The goblin is heavily wounded.
* * * LOW HITPOINT WARNING * * *
You feel sick.
The goblin hits you with a dagger of venom.
You die...

############
#..........###
#.########.#..
##.### #.#.#
#....# #.#.#
#..#.# #.#.#
#..#.# #.#.#
#<.#.# #.#g#
#..#.######.#@#
##.#..........#
..########.###
### #.. ###


You could see a goblin.

Vanquished Creatures
  2 oozes (D:1)
  3 dart slugs (D:1)
  A giant cockroach (D:1)
  A goblin (D:1)
  3 hobgoblins (D:1)
  5 jackals (D:1)
  3 kobolds (D:1)
  A ball python (D:1)
  5 bats (D:1)
  2 frilled lizards
  4 rats (D:1)
30 creatures vanquished.

Notes
Turn   | Place    | Note
-------+----------+-------------------------------------------
     0 | D:1      | nightchill the Merfolk Ice Elementalist began the quest for the Orb.
     0 | D:1      | Reached XP level 1. HP: 13/13 MP: 3/3
   113 | D:1      | Reached XP level 2. HP: 9/19 MP: 0/5
   315 | D:1      | Reached skill level 4 in Ice Magic
   963 | D:1      | Reached XP level 3. HP: 24/24 MP: 3/6
  1133 | D:1      | Reached skill level 1 in Polearms
  1826 | D:2      | Slain by a goblin

Skill      XL: |  1  2  3 |
---------------+----------+-----
Ice Magic      | 4 |  4.7
Polearms       | 1 |  1.6
Dodging        | |  2.6
Stealth        | |  2.1
Spellcasting   | |  2.0
Conjurations   | |  0.7

Action                   || total
-------------------------++-------
Melee: Unarmed           ||     1
       Club              ||    10
       Spear             ||    55
Throw: Stone             ||     1
 Cast: Freeze            ||    36
 Stab: Sleeping          ||     2
  Eat: Chunk             ||     3
Armor: Robe              ||    19
Dodge: Dodged            ||    74
